 Dungeon Crawl Stone Soup version 0.27-a0-156-gbcd94eb011 (webtiles) character file.

Game seed: 12873573826708479519

22869 Sekkong the Warrior (level 12, -1/119 HPs)
             Began as a Minotaur Berserker on Jan 27, 2021.
             Was a High Priest of Trog.
             Slain by a meliai
             ... wielding a +0 hand axe
              (6 damage)
             ... on level 4 of the Lair of Beasts.
             The game lasted 00:47:11 (15797 turns).

Sekkong the Warrior (Minotaur Berserker)           Turns: 15797, Time: 00:47:11

Health: -1/119     AC: 39    Str: 22    XL:     12   Next: 66%
Magic:  0/11       EV:  3    Int: 13    God:    Trog [*****.]
Gold:   1058       SH: 19    Dex: 14    Spells: 11/11 levels left

rFire    + . .     SeeInvis .   s - +5 flail (drain)
rCold    + . .     Faith    .   Y - +0 tower shield {rC+}
rNeg     + + .     Spirit   +   A - +9 crystal plate armour of Stained Awe {rCorr}
rPois    +         Reflect  .   H - +1 hat
rElec    .         Harm     .   g - +1 cloak {Will+}
rCorr    +         Rampage  .   y - +0 pair of gloves
Will     ++...                  U - +2 pair of boots of Meager Awe {Int+3}
Stlth    ..........             V - amulet of Maysmuic {Spirit *Corrode Will+ Int+2 Slay+2}
HPRegen  0.29/turn              M - ring of Uzibroz {rPois rN+ Str-2 Int+2 Slay+2}
MPRegen  0.12/turn              a - ring of Dutoabot {*Drain rF+ rN+ Dex+3}

@: about to teleport, berserk cooldown, slowed, studying Maces & Flails, very
slow
A: retaliatory headbutt, horns 2
a: Renounce Religion, Berserk, Trog's Hand, Brothers in Arms


You were on level 4 of the Lair of Beasts.
You worshipped Trog.
Trog was extremely pleased with you.
You visited 2 branches of the dungeon, and saw 14 of its levels.
You also visited: Bailey and Gauntlet.

You collected 1162 gold pieces.
You spent 104 gold pieces at shops.

Inventory:

Hand Weapons
 s - a +5 flail of draining (weapon)
Missiles
 d - 4 silver boomerangs
 o - 40 boomerangs
 C - 19 javelins
Armour
 g - a +1 cloak of willpower (worn)
 y - a +0 pair of gloves (worn)
 A - the +9 crystal plate armour of Stained Awe (worn) {rCorr}
   (You acquired it on level 10 of the Dungeon)

   It provides partial protection from all sources of acid and corrosion.
 H - a +1 hat (worn)
 U - the +2 pair of boots of Meager Awe (worn) {Int+3}
   (You acquired it on level 3 of the Lair of Beasts)

   It affects your intelligence (+3).
 Y - a +0 tower shield of cold resistance (worn)
Jewellery
 a - the ring of Dutoabot (right hand) {*Drain rF+ rN+ Dex+3}
   (You acquired it on level 3 of the Lair of Beasts)

   [ring of positive energy]

   It affects your dexterity (+3).
   It protects you from fire.
   It protects you from negative energy.
   It causes draining when unequipped.
 q - an uncursed amulet of regeneration {unknown}
 M - the ring of Uzibroz (left hand) {rPois rN+ Str-2 Int+2 Slay+2}
   (You found it in a Gauntlet)

   [ring of poison resistance]

   It affects your strength (-2).
   It affects your intelligence (+2).
   It affects your accuracy and damage with ranged weapons and melee attacks
   (+2).
   It protects you from poison.
   It protects you from negative energy.
 V - the amulet of Maysmuic (around neck) {Spirit *Corrode Will+ Int+2 Slay+2}
   (You took it off a minotaur in a Gauntlet)

   [amulet of guardian spirit]

   It causes incoming damage to be split between your health and magic.
   It affects your intelligence (+2).
   It affects your accuracy and damage with ranged weapons and melee attacks
   (+2).
   It affects your willpower, your defense against some magical effects.
   It may corrode you when you take damage.
Wands
 p - a wand of flame (53)
 t - a wand of paralysis (7)
 D - a wand of digging (6)
 J - a wand of acid (10)
 P - a wand of polymorph (23)
 Q - a wand of iceblast (11)
 T - a wand of mindburst (11)
Scrolls
 c - a scroll of fear
 i - 2 scrolls of fog
 n - 3 scrolls of teleportation
 r - a scroll of enchant armour
 w - 4 scrolls of blinking
 F - a scroll of summoning
 K - a scroll of silence {unknown}
 O - 3 scrolls of remove curse
 S - a scroll of holy word {unknown}
Potions
 b - 5 potions of haste
 e - 11 potions of curing
 f - 4 potions of might
 h - a potion of flight
 k - 5 potions of magic
 l - a potion of berserk rage {unknown}
 m - 5 potions of attraction
 u - 2 potions of cancellation {unknown}
 x - 3 potions of brilliance {unknown}
 G - 2 potions of invisibility {unknown}
 I - a potion of mutation {unknown}
 L - a potion of experience {unknown}
 N - 2 potions of ambrosia {unknown}
Books
 E - a manual of Maces & Flails
Miscellaneous
 j - a lightning rod (4/4)
 B - a phantom mirror
 Z - a lightning rod (4/4)


   Skills:
 - Level 15.0 Fighting
 - Level 11.2 Maces & Flails
 - Level 11.9 Armour
 - Level 2.1 Dodging
 + Level 12.7 Shields


You had 11 spell levels left.
You didn't know any spells.
Your spell library was empty.

Dungeon Overview and Level Annotations

Branches:
Dungeon (10/15)            Temple (0/1) D:5            Lair (4/6) D:9
  Swamp (0/4) Lair:2        Snake (0/4) Lair:3       Bailey (visited)
Gauntlet (visited)
    Orc: D:9-12

Altars:
Fedhas
Kikubaaqudgha
Okawaru
Sif Muna
Zin

Shops:
D:5 ?   D:10 ?


Innate Abilities, Weirdness & Mutations

You reflexively headbutt those who attack you in melee.
You have a pair of horns on your head.


Message History

The meliai stings you but does no damage.
The killer bee stings you but does no damage.
The meliai hits you with a +0 hand axe.
* * * LOW HITPOINT WARNING * * *
The meliai stings you but does no damage.
The killer bee stings you but does no damage.
The meliai hits you but does no damage. The meliai stings you.
* * * LOW HITPOINT WARNING * * *
The meliai hits you but does no damage.
The meliai stings you but does no damage.
Unknown command.
As you read the scroll of teleportation, it crumbles to dust.
You feel strangely unstable. You block the killer bee's attack.
You block the meliai's attack. x2; The meliai hits you but does no damage.
The meliai stings you but does no damage.
The killer bee stings you but does no damage.
The meliai hits you but does no damage.
The meliai stings you but does no damage.
The meliai hits you with a +0 hand axe.
You die...

** ###.....#####.................
,*##..#....# #..................
**#......P.####...........P#.....
* ##....####.............>.#.PP..
#....## ###.........P....##P...
##..##.###..........##...#####..
##...#####.........###......##.#.
....## ##.....†y.####........#..
....# ###......y@#..P............
...## #........yP................
....###..............#....#.#..#.
...............#...#..#......####
................##.#####..#### #
.P...........#..#,!.* ##.##**
##.............<#,.!####...#.# ##
,##............##,..##.......###.
,,...#...#......#,,,#.....#..#...


You could see 2 meliai and a killer bee (berserk).

Vanquished Creatures
  An orc warlord (Bailey)
  A minotaur (Gauntlet)
  2 hydras
  A two-headed ogre (D:8)
  A fire crab (Gauntlet)
  3 bog bodies (Lair:2)
  An orc knight (Bailey)
  3 black mambas
  5 cane toads
  2 rime drakes
  3 komodo dragons
  A queen bee (Lair:4)
  2 trolls
  A meliai (Lair:4)
  A raiju (Gauntlet)
  4 blink frogs (Lair:3)
  Sigmund (D:3)
  5 fire bats (Gauntlet)
  3 wyverns
  15 yaks
  2 steam dragons
  3 basilisks
  4 swamp worms
  24 water moccasins
  A hell hound (Gauntlet)
  Duvessa (D:6)
  4 phantoms
  3 orc warriors
  An ice beast (D:7)
  2 ogres
  2 wolves (D:9)
  3 centaurs
  6 bullfrogs
  Dowan (D:6)
  A scorpion (D:7)
  11 killer bees
  3 wights (D:9)
  3 electric eels
  A centaur zombie (D:6)
  A bullfrog zombie (D:8)
  5 orc priests
  10 hounds
  A jelly (D:10)
  Crazy Yiuf (D:3)
  6 orc wizards
  2 iguanas
  4 worker ants
  A killer bee zombie (D:6)
  A hound skeleton (D:7)
  4 gnolls
  14 adders
  A shadow imp (D:7)
  2 ufetubi
  An ooze (D:3)
  An adder zombie (D:5)
  An adder skeleton (D:7)
  4 worms
  2 dart slugs (D:1)
  4 leopard geckos
  27 orcs
  2 ball pythons
  8 giant cockroaches
  10 goblins
  5 hobgoblins
  2 jackals (D:6)
  15 kobolds
  6 quokkas
  10 bats
  6 frilled lizards
  A jackal skeleton (D:6)
  A leopard gecko zombie (D:5)
  A quokka skeleton (D:8)
  10 rats
302 creatures vanquished.

Vanquished Creatures (others)
  A steam dragon (Gauntlet)
  A bush (Lair:4)
  18 demonic plants (Gauntlet)
  10 fungi
  19 plants
49 creatures vanquished.

Grand Total: 351 creatures vanquished

Notes
Turn   | Place    | Note
-------+----------+-------------------------------------------
     0 | D:1      | Sekkong the Minotaur Berserker began the quest for the Orb.
     0 | D:1      | Reached XP level 1. HP: 19/19 MP: 0/0
   126 | D:1      | Reached XP level 2. HP: 26/26 MP: 1/1
   517 | D:1      | Reached skill level 5 in Maces & Flails
   850 | D:2      | Reached ** piety under Trog
   851 | D:2      | Reached XP level 3. HP: 31/31 MP: 2/2
  1589 | D:2      | Reached XP level 4. HP: 34/39 MP: 3/3
  2103 | D:3      | Noticed Sigmund
  2118 | D:3      | Killed Sigmund
  2119 | D:3      | Reached XP level 5. HP: 39/45 MP: 4/4
  2552 | D:3      | Reached XP level 6. HP: 42/51 MP: 5/5
  2569 | D:3      | HP: 2/51 [orc/+0 hand axe (7)]
  3271 | D:3      | Reached *** piety under Trog
  3346 | D:3      | Found a runed translucent door.
  3347 | D:3      | Noticed Crazy Yiuf
  3354 | D:3      | Killed Crazy Yiuf
  4276 | D:4      | Reached XP level 7. HP: 29/57 MP: 6/6
  4486 | D:4      | Reached skill level 10 in Maces & Flails
  4902 | D:5      | Entered Level 5 of the Dungeon
  4905 | D:5      | Found a staircase to the Ecumenical Temple.
  5149 | D:5      | Found Geru's Magic Scroll Shop.
  5183 | D:5      | Bought a scroll of identify for 26 gold pieces
  5183 | D:5      | Bought a scroll of identify for 26 gold pieces
  5183 | D:5      | Bought a scroll of identify for 26 gold pieces
  5207 | D:5      | Reached skill level 4 in Fighting
  5630 | D:5      | You fall into a shaft and drop 1 floor!
  5639 | D:6      | Reached XP level 8. HP: 61/67 MP: 7/7
  5825 | D:6      | Reached skill level 5 in Fighting
  6519 | D:6      | Reached skill level 6 in Fighting
  6575 | D:6      | Noticed Duvessa
  6582 | D:6      | Killed Duvessa
  6584 | D:6      | Noticed Dowan
  6591 | D:6      | Killed Dowan
  6592 | D:6      | Reached skill level 7 in Fighting
  7119 | D:7      | Reached skill level 8 in Fighting
  7396 | D:7      | Got a translucent whip
  7397 | D:7      | Identified the cursed +1 whip "Pohaclaxi" {vorpal, rN++
                  | Will+} (You found it on level 7 of the Dungeon)
  7580 | D:7      | Found an ancient bone altar of Kikubaaqudgha.
  7580 | D:7      | Found an iron altar of Okawaru.
  7580 | D:7      | Found a shimmering blue altar of Sif Muna.
  7584 | D:7      | Found a glowing silver altar of Zin.
  7775 | D:7      | Reached skill level 9 in Fighting
  7881 | D:7      | Reached **** piety under Trog
  8145 | D:7      | You fall into a shaft and drop 3 floors!
  8145 | D:10     | Entered Level 10 of the Dungeon
  8145 | D:10     | Found Sehoann's Magic Scroll Emporium.
  8145 | D:10     | Noticed a troll
  8153 | D:10     | Killed a troll
  8154 | D:10     | Reached skill level 10 in Fighting
  8154 | D:10     | Reached XP level 9. HP: 85/85 MP: 8/8
  8161 | D:10     | Bought a scroll of identify for 26 gold pieces
  8162 | D:10     | Identified a scroll of acquirement
  8164 | D:10     | Acquired the +9 crystal plate armour of Stained Awe {rCorr}
  8250 | D:9      | Found a staircase to the Lair.
  8261 | D:9      | Reached skill level 5 in Armour
  8324 | D:9      | Noticed a troll
  8334 | D:9      | Killed a troll
  8522 | D:9      | Found a flagged portal.
  8604 | Bailey   | Entered a bailey
  8656 | Bailey   | Noticed an orc warlord
  8781 | Bailey   | Noticed an orc knight
  8861 | Bailey   | Reached XP level 10. HP: 93/93 MP: 9/9
  8904 | Bailey   | Killed an orc knight
  8905 | Bailey   | Reached skill level 10 in Armour
  8930 | Bailey   | Found a runed translucent gate.
  8934 | Bailey   | Found a runed translucent gate.
  8938 | Bailey   | Found a runed translucent gate.
  9026 | Bailey   | Killed an orc warlord
  9065 | Bailey   | Got a polished falchion
  9336 | D:9      | Found a blossoming altar of Fedhas.
  9520 | Lair:1   | Entered Level 1 of the Lair of Beasts
  9531 | Lair:1   | Reached skill level 1 in Shields
  9548 | Lair:1   | Reached ***** piety under Trog
  9758 | Lair:1   | Identified the cursed +1 falchion of a wizard's laboratory
                  | {antimagic, rPois rN+ Int+3} (You found it in a bailey)
  9765 | Lair:1   | Acquired a manual of Maces & Flails
 10032 | D:8      | Noticed a two-headed ogre
 10040 | D:8      | Killed a two-headed ogre
 11416 | Lair:1   | Reached XP level 11. HP: 100/100 MP: 10/10
 12292 | Lair:2   | Reached skill level 10 in Shields
 12581 | Lair:2   | Noticed a four-headed hydra
 12591 | Lair:2   | Killed a four-headed hydra
 13075 | Lair:2   | Noticed a bog body
 13091 | Lair:2   | Killed a bog body
 13093 | Lair:2   | Noticed a bog body
 13106 | Lair:2   | Killed a bog body
 13119 | Lair:2   | Found a staircase to the Swamp.
 13119 | Lair:2   | Noticed a bog body
 13141 | Lair:2   | Killed a bog body
 13470 | Lair:3   | Reached skill level 11 in Fighting
 13539 | Lair:3   | Found a staircase to the Snake Pit.
 13559 | Lair:3   | Reached skill level 12 in Fighting
 13723 | Lair:3   | Reached XP level 12. HP: 108/113 MP: 11/11
 14135 | Lair:3   | Acquired a manual of Maces & Flails
 14137 | Lair:3   | Acquired the +2 pair of boots of Meager Awe {Int+3}
 14150 | Lair:3   | Acquired the ring of Dutoabot {*Drain rF+ rN+ Dex+3}
 14529 | Lair:4   | Found a gate leading to a gauntlet.
 14539 | Gauntlet | Entered a Gauntlet
 14539 | Gauntlet | Found a transporter.
 14556 | Gauntlet | Found a transporter.
 14586 | Gauntlet | Found a transporter.
 14616 | Gauntlet | Found a transporter.
 14625 | Gauntlet | Reached skill level 13 in Fighting
 14630 | Gauntlet | Found a transporter.
 14630 | Gauntlet | Found a transporter.
 14634 | Gauntlet | Found a transporter.
 14646 | Gauntlet | Found a transporter.
 14656 | Gauntlet | Identified the Catalogue of the Floating Entourage
 14678 | Gauntlet | Found a transporter.
 14761 | Gauntlet | Found a transporter.
 14769 | Gauntlet | Found a transporter.
 14832 | Gauntlet | Got a scintillating jade ring
 14987 | Gauntlet | Identified the ring of Uzibroz {rPois rN+ Str-2 Int+2
                  | Slay+2} (You found it in a Gauntlet)
 14996 | Gauntlet | Found a transporter.
 14997 | Gauntlet | Found a transporter.
 15002 | Gauntlet | Noticed a four-headed hydra
 15023 | Gauntlet | Identified the +6 long sword of Dishonour {vorpal, rC+}
 15023 | Gauntlet | Identified the amulet of Maysmuic {Spirit *Corrode Will+
                  | Int+2 Slay+2}
 15023 | Gauntlet | Noticed a minotaur
 15024 | Gauntlet | Found the +3 robe of Folly {Archmagi, Will-- Int+5}
 15031 | Gauntlet | Killed a minotaur
 15032 | Gauntlet | Reached skill level 14 in Fighting
 15039 | Gauntlet | Got a twisted scale mail
 15603 | Lair:4   | Reached skill level 15 in Fighting
 15684 | Lair:4   | Noticed a seven-headed hydra
 15693 | Lair:4   | Killed a seven-headed hydra
 15777 | Lair:4   | Received a gift from Trog
 15791 | Lair:4   | HP: 2/119 [meliai/+0 hand axe (5)]
 15796 | Lair:4   | HP: 5/119 [meliai/+3 war axe (1)]
 15797 | Lair:4   | Slain by a meliai

Illustrated notes

Levels and vault maps discovered:
D:1:      lemuel_arrival_lava_pool, layout_basic, st_stairs_2,
          wander_ebering_terrifying_dragon_lair
D:2:      layout_loops_ring
D:3:      minmay_angry_zag, layout_loops_corners, chequers_jeans,
          minmay_misc_feat_five, minmay_stone_trees_small,
          uniq_crazy_yiuf_cottage, uniq_sigmund
D:4:      layout_basic
D:5:      layout_cave_pods, grunt_temple_overflow_champion_of_chaos,
          minmay_temple_entry_grid, serial_shops, shop_coins
D:6:      layout_loops_corners, uniq_duvessa
D:7:      minmay_chambers_of_fours, layout_gridville,
          grunt_temple_overflow_cloverleaf, hangedman_glass_teeth,
          corexii_item_surrounded_by_moat, kennysheep_opposing_triangles
D:8:      layout_gridville
D:9:      layout_roguey, erik_lair_island, enter_bailey_2,
          fedhas_altar_fruit_tree
D:10:     layout_basic, zombieorc1_lemuel, serial_shops, shop, uniq_harold
Lair:1:   layout_roguey, grunt_forest_stairs_basic, cheibrodos_lair_reptile_den
Lair:2:   layout_chaotic_city, nicolae_swamp_entry_splash_gauntlet
Lair:3:   layout_hall_layers, minmay_snake_entry_six_corridors
Lair:4:   layout_hall_layers, gauntlet_entry_generic, special_room
          [special_room_bee], minmay_lair_oklob_chamber

Skill      XL: |  1  2  3  4  5  6  7  8  9 10 11 12 |
---------------+-------------------------------------+-----
Maces & Flails | 4 5 8 9 11 | 11.2
Fighting       | 4 10 12 15 | 15.0
Armour         | 9 11 | 11.9
Shields        | 8 12 | 12.7
Dodging        | |  2.1

Action                   |  1- 3 |  4- 6 |  7- 9 | 10-12 || total
-------------------------+-------+-------+-------+-------++-------
Melee: Mace              |    90 |    93 |       |       ||   183
       Headbutt          |    10 |    17 |    47 |   100 ||   174
       Flail             |       |    15 |   293 |   484 ||   792
Invok: Berserk           |       |     2 |     4 |    10 ||    16
  Use: Scroll            |     7 |     4 |     8 |    17 ||    36
       Potion            |       |       |     1 |     5 ||     6
Armor: Animal skin       |    18 |       |       |       ||    18
       Leather armour    |       |    11 |       |       ||    11
       Scale mail        |       |    15 |    46 |       ||    61
       Skin              |       |       |    14 |       ||    14
       Crystal plate arm |       |       |    98 |   547 ||   645
Dodge: Dodged            |    79 |    64 |   124 |   156 ||   423
Block: Kite shield       |       |       |   160 |   402 ||   562
       Tower shield      |       |       |       |   147 ||   147

Table legend: (Time is in decaauts)
 A = Elapsed time spent in this place.
 B = Non-inter-level travel time spent in this place.
 C = Inter-level travel time spent in this place.
 D = Time resting spent in this place.
 E = Time spent auto-exploring this place.
 F = Levels seen in this place.
 G = Mean time per level.
                   A        B        C        D        E       F      G
               +--------+--------+--------+--------+--------+-----+--------+
         Total |  16031 |  15153 |    878 |   1920 |   8695 |  16 | 1001.9 |
       Dungeon |  10425 |   9873 |    552 |   1138 |   6247 |  10 | 1042.5 |
          Lair |   4469 |   4143 |    326 |    576 |   2379 |   4 | 1117.2 |
        Bailey |    512 |    512 |      0 |     81 |     24 |   1 |  512.0 |
      Gauntlet |    623 |    623 |      0 |    125 |     44 |   1 |  623.0 |
               +--------+--------+--------+--------+--------+-----+--------+

Top non-repeatable levels by time:
     D:3: 1696 daAuts
     D:7: 1573 daAuts
  Lair:1: 1445 daAuts
  Lair:2: 1426 daAuts
     D:2: 1224 daAuts
     D:4: 1152 daAuts
     D:6: 1148 daAuts
  Lair:3: 1137 daAuts
     D:9: 996 daAuts
     D:5: 908 daAuts
     D:1: 847 daAuts
     D:8: 799 daAuts
Gauntlet: 623 daAuts
  Bailey: 512 daAuts
  Lair:4: 460 daAuts
